 Dungeon Crawl Stone Soup version 0.31.0-4-g52a2dc7128 (webtiles) character file.

Game seed: 998137558822403351

1701 Fv001 the Chopper (level 8, -10/63 HPs)
             Began as a Demonspawn Fighter on Jan 23, 2024.
             Was a Priest of Okawaru.
             Mangled by an ogre
             ... wielding a +0 giant club
              (20 damage)
             ... on level 6 of the Dungeon.
             The game lasted 00:18:14 (5240 turns).

Fv001 the Chopper (Demonspawn Fighter)              Turns: 5240, Time: 00:18:14

Health: -10/63     AC: 11    Str: 18    XL:     8   Next: 73%
Magic:  18/18      EV:  8    Int:  9    God:    Okawaru [***...]
Gold:   362        SH:  5    Dex: 13    Spells: 7/7 levels left

rFire   . . .        a - +1 war axe
rCold   . . .        c - +0 buckler
rNeg    . . .        p - +0 chain mail
rPois   .            (no helmet)
rElec   .            (no cloak)
rCorr   .            (no gloves)
SInv    .            (no boots)
Will    .....        h - amulet of the acrobat Stlth
                     b - ring of magical power
HPRegen 0.30/turn    (no ring)
MPRegen 0.16/turn

%: acrobat
@: on berserk cooldown, slowed, studying Armour, very slow
A: claws 1, rugged brown scales 1, foul stench 1, powered by pain 1
a: Renounce Religion, Heroism


You were on level 6 of the Dungeon.
You worshipped Okawaru.
Okawaru was most pleased with you.
You visited 1 branch of the dungeon, and saw 6 of its levels.
You also visited: Ossuary.

You collected 362 gold pieces.

Inventory:

Hand Weapons
 a - a +1 war axe (weapon)
 s - a +0 morningstar
Missiles
 i - 4 boomerangs
 n - 8 poisoned darts
 o - 11 stones (quivered)
Armour
 c - a +0 buckler (worn)
 p - a +0 chain mail (worn)
Jewellery
 b - a ring of magical power (left claw)
 f - a ring of ice
 h - an amulet of the acrobat (around neck)
Wands
 r - a wand of mindburst (13)
Scrolls
 d - a scroll of immolation {unknown}
 j - a scroll of revelation
 l - 3 scrolls of amnesia
 q - a scroll of fear {unknown}
 v - a scroll of enchant armour {unknown}
 w - a scroll of fog {unknown}
Potions
 e - a potion of cancellation
 k - a potion of enlightenment {unknown}
 m - a potion of resistance
 t - a potion of mutation {unknown}
 u - a potion of curing {unknown}


   Skills:
 + Level 5.1 Fighting
 + Level 6.3 Axes
 + Level 4.1 Throwing
 + Level 6.1 Armour
 + Level 2.5 Dodging
 + Level 1.0 Stealth
 + Level 3.5 Shields
 * Level 1.7 Invocations
 + Level 0.1 Evocations


You had 7 spell levels left.
You didn't know any spells.
Your spell library contained the following spells:

 Spells                   Type           Power      Damage    Failure   Level
 Apportation              Tloc           0%         N/A       99%         1
 Necrotise                Necr           0%         1d4       99%         1
 Sandblast                Erth           0%         2d4       99%         1
 Sting                    Conj/Alch      0%         1d3       99%         1
 Hailstorm                Conj/Ice       0%         3d5       100%        3
 Passwall                 Erth           0%         N/A       100%        3
 Stone Arrow              Conj/Erth      0%         3d7       100%        3
 Brom's Barrelling Bould  Conj/Erth      0%         2d3       100%        4
 Summon Small Mammal      Summ           Unusable   N/A       N/A         1
 Summon Ice Beast         Ice/Summ       Unusable   N/A       N/A         3
 Sculpt Simulacrum        Ice/Alch       Unusable   N/A       N/A         6

Dungeon Overview and Level Annotations

Branches:
Dungeon (6/15)             Temple (0/1) D:6         Ossuary (visited)

Altars:
Okawaru

Annotations:
D:5 Edmund


Innate Abilities, Weirdness & Mutations

You have sharp fingernails.
You are partially covered in rugged brown scales. (AC +1, +3% HP)
You may rarely emit foul miasma when damaged in melee.
You sometimes gain a little power by taking damage.


Message History

Throw: 13 stones
Press: ? - help, Q - select action, (/) - cycle Shift-Dir - straight line, f/p - ogre
Aim: an ogre, wielding a +0 giant club (lightly wounded, 74% to hit)
You throw a stone. The stone hits the ogre.
The ogre is lightly wounded.
Throw: 12 stones
Press: ? - help, Q - select action, (/) - cycle Shift-Dir - straight line, f/p - ogre
Aim: an ogre, wielding a +0 giant club (lightly wounded, 74% to hit)
You throw a stone. The stone hits the ogre.
The ogre is lightly wounded.
You barely miss the ogre.
The ogre is lightly wounded.
The ogre hits you with a +0 giant club!
You hit the ogre.
The ogre is moderately wounded.
The ogre hits you but does no damage.
You hit the ogre.
The ogre is moderately wounded.
The ogre barely misses you.
You barely miss the ogre.
The ogre is moderately wounded.
The ogre hits you with a +0 giant club!!
You slash the ogre!
The ogre is severely wounded.
You slash the ogre!
The ogre is almost dead.
The ogre hits you with a +0 giant club!!
* * * LOW HITPOINT WARNING * * *
Okay, then.
Okay, then.
A red film seems to cover your vision as you go berserk!
You feel yourself moving faster!
You feel mighty! The ogre closely misses you.
You feel a strong urge to attack something.
You feel your anger nearly subside.
You are no longer berserk.
You are exhausted.
You feel yourself slow down.
There is an escape hatch in the ceiling here.
The ogre hits you with a +0 giant club!!
You die...

............#####............#...
..##≈≈≈≈....#***#................
..##≈≈≈≈..#..#*,#................
..######.###..,..............)...
..≈≈~~*#.###................)...)
..≈≈≈≈*#..#....####..............
.......,.....##*##..#...........#
....###,,,##..*##...#...........#
....#*,,,**#.###@O...........#.##
....##,,**##..##.........#...##.,
.....,,####........#.....#...,,.,
....##.#..##.....####....#.,,,*,,
.##.##.......##....##.......#**,,
##...#.####..################ **,
##..##.####.## **,
#....#..##...## **,*
..............# *,*,


You could see an ogre.

Vanquished Creatures
  A gargoyle (D:5)
  Duvessa (D:5)
  An ogre (D:6)
  A phantom (D:3)
  A bullfrog (D:6)
  5 scorpions
  A burial acolyte (Ossuary)
  Dowan (D:5)
  A howler monkey (D:5)
  A bombardier beetle (D:4)
  A human zombie (Ossuary)
  2 orc priests
  A hound (D:5)
  A jelly (D:4)
  4 iguanas
  An orc wizard (D:5)
  A killer bee zombie (Ossuary)
  3 hound zombies (Ossuary)
  4 mummies
  4 gnolls (D:5)
  12 adders
  5 adder zombies (Ossuary)
  10 orcs
  6 endoplasms
  2 giant cockroaches
  A goblin (D:3)
  7 hobgoblins
  8 kobolds
  6 ball pythons
  4 ball python zombies (Ossuary)
  5 bats
  8 frilled lizards
  2 gnoll zombies (Ossuary)
  4 jackal zombies (Ossuary)
  3 kobold zombies (Ossuary)
  An orc zombie (Ossuary)
  9 rats
129 creatures vanquished.

Notes
Turn   | Place    | Note
-------+----------+-------------------------------------------
     0 | D:1      | Fv001 the Demonspawn Fighter began the quest for the Orb.
     0 | D:1      | Reached XP level 1. HP: 18/18 MP: 1/1
   152 | D:1      | Gained mutation: You may rarely emit foul miasma when
                  | damaged in melee. [demonic ancestry]
   152 | D:1      | Reached XP level 2. HP: 24/24 MP: 2/2
   763 | D:2      | Found an iron altar of Okawaru.
   777 | D:2      | Became a worshipper of Warmaster Okawaru
   805 | D:2      | Found a faded altar of an unknown god.
   853 | D:2      | Reached XP level 3. HP: 20/29 MP: 3/3
  1265 | D:3      | Reached skill level 1 in Dodging
  1350 | D:3      | Gained mutation: You have sharp fingernails. [demonic
                  | ancestry]
  1350 | D:3      | Reached XP level 4. HP: 35/35 MP: 4/4
  2287 | D:4      | Noticed a scorpion
  2293 | D:4      | Killed a scorpion
  2293 | D:4      | Reached * piety under Okawaru
  2294 | D:4      | Reached XP level 5. HP: 42/42 MP: 5/5
  2406 | D:4      | Noticed a phantom
  2426 | D:3      | Killed a phantom
  2606 | D:3      | Gained mutation: You are partially covered in rugged brown
                  | scales. (AC +1, +3% HP) [demonic ancestry]
  2606 | D:3      | Reached XP level 6. HP: 21/49 MP: 6/6
  2838 | D:4      | Reached skill level 1 in Throwing
  3414 | D:5      | Entered Level 5 of the Dungeon
  3553 | D:5      | Noticed Edmund
  3697 | D:5      | Reached ** piety under Okawaru
  3698 | D:5      | Gained mutation: You sometimes gain a little power by
                  | taking damage. [demonic ancestry]
  3698 | D:5      | Reached XP level 7. HP: 46/55 MP: 7/7
  3867 | D:5      | Noticed Duvessa
  3869 | D:5      | Noticed Dowan
  3878 | D:5      | Killed Dowan
  3881 | D:5      | Killed Duvessa
  3882 | D:5      | Reached skill level 5 in Armour
  4100 | D:5      | Reached skill level 5 in Axes
  4471 | D:5      | Noticed a gargoyle
  4476 | D:5      | Killed a gargoyle
  4476 | D:5      | Reached *** piety under Okawaru
  4477 | D:5      | Reached skill level 1 in Stealth
  4477 | D:5      | Reached XP level 8. HP: 19/62 MP: 8/8
  4804 | D:6      | Found a sand-covered staircase.
  4815 | Ossuary  | Entered an ossuary
  5053 | Ossuary  | Reached skill level 5 in Fighting
  5178 | D:6      | Reached skill level 1 in Invocations
  5240 | D:6      | Mangled by an ogre

Illustrated notes

Levels and vault maps discovered:
D:1:      minmay_arrival_stair_chambers, layout_loops_ring, minivault_26
D:2:      layout_basic, basic_altar, shapermc_ecumenical_altar_venn
D:3:      layout_basic
D:4:      layout_cave_pools, saegor_snake_ambush
D:5:      layout_basic, minmay_small_thing, uniq_duvessa, uniq_edmund
D:6:      lemuel_ratsnest, layout_cave_pools,
          minmay_temple_entry_gardened_gates, gup_ossuary_entry_pyramid,
          nicolae_tricolors

Skill      XL: |  1  2  3  4  5  6  7  8 |
---------------+-------------------------+-----
Axes           | 2 3 4 5 6 |  6.3
Armour         | 3 4 5 6 |  6.1
Shields        | 3 |  3.5
Dodging        | 1 2 |  2.5
Throwing       | 2 3 4 |  4.1
Fighting       | 4 5 |  5.1
Stealth        | 1 |  1.0
Invocations    | 1 |  1.7
Evocations     | |  0.1

Action                     |  1- 3 |  4- 6 |  7- 9 || total
---------------------------+-------+-------+-------++-------
  Melee: War axe           |    99 |   100 |   142 ||   341
  Throw: Stone             |    12 |    13 |     8 ||    33
         Dart              |       |    29 |    13 ||    42
         Boomerang         |       |       |    47 ||    47
 Invoke: Heroism           |       |       |     4 ||     4
  Evoke: Wand              |       |       |     2 ||     2
    Use: Scroll            |     2 |     7 |     1 ||    10
         Potion            |       |     1 |     1 ||     2
 Armour: Scale mail        |    74 |    70 |    26 ||   170
         Chain mail        |       |       |    70 ||    70
  Dodge: Dodged            |    60 |    39 |    69 ||   168
  Block: Buckler           |    29 |    15 |    36 ||    80
